TOP OF THE 1ST |
Plymouth Rocks batting - Pitching for Bakersfield Nobles : RHP Jorge Castillo
|
Pitching: RHP Jorge Castillo
|
|
Batting: LHB José Castillo
|
0-0: Called Strike 0-1: Foul Ball, location: 2F 0-2: Ball 1-2: Foul Ball, location: 2F 1-2: Ball 2-2: Fly out, F9 (Flyball, 89M)
|
Batting: RHB Arturo Maldonado
|
0-0: Called Strike 0-1: Fly out, F8 (Flyball, 8LM)
|
Batting: SHB Javier Vega
|
0-0: Swinging Strike 0-1: Called Strike 0-2: Ball 1-2: Ball 2-2: Ball 3-2: Foul Ball, location: 2F 3-2: Base on Balls
|
Batting: RHB Ernesto Trevino
|
0-0: Called Strike 0-1: Ball 1-1: Ball 2-1: Ball 3-1: Base on Balls Javier Vega to second
|
Batting: RHB Chris Teague
|
0-0: Fly out, F8 (Flyball, 78D)
|
Top of the 1st over - 0 runs, 0 hits, 0 errors, 2 left on base; Plymouth 0 - Bakersfield 0 |
BOTTOM OF THE 1ST |
Bakersfield Nobles batting - Pitching for Plymouth Rocks : LHP Rio Bavin
|
Pitching: LHP Rio Bavin
|
|
Batting: RHB Leonardo Ramírez
|
0-0: Ball 1-0: Called Strike 1-1: Ball 2-1: Ball 3-1: Base on Balls
|
Batting: RHB Alfredo García
|
0-0: Ball 1-0: TRIPLE (Flyball, 89XD) Leonardo Ramírez scores
|
Batting: LHB Jorge Alejándrez
|
0-0: Called Strike 0-1: Foul Ball, location: 2F 0-2: Ball 1-2: Fly out, F8 (Flyball, 8LD) Runner from 3rd tags up, SCORES, no throw
|
Batting: RHB Mario Blanco
|
0-0: Foul Ball, location: 2F 0-1: Called Strike 0-2: Ball 1-2: Ball 2-2: Ball 3-2: Base on Balls
|
Batting: RHB Gabriel Maldonado
|
0-0: Called Strike 0-1: Ball 1-1: Called Strike 1-2: SINGLE (Line Drive, 6D) Mario Blanco to second
|
Batting: RHB Omer Yurtseven
|
0-0: Ball 1-0: SINGLE (Groundball, 6MD) Mario Blanco to third Gabriel Maldonado to second
|
Batting: RHB Yosuke Hayashi
|
0-0: Called Strike 0-1: Ball 1-1: Ball 2-1: Foul Ball, location: 2F 2-2: Foul Ball, location: 2F 2-2: Strikes out swinging
|
Batting: LHB Hideki Hisanobu
|
0-0: Foul Ball, location: 2F 0-1: Ground out 4-3 (Groundball, 4M)
|
Bottom of the 1st over - 2 runs, 3 hits, 0 errors, 3 left on base; Plymouth 0 - Bakersfield 2 |
TOP OF THE 2ND |
Plymouth Rocks batting - Pitching for Bakersfield Nobles : RHP Jorge Castillo
|
Batting: LHB Carlos Álvarez
|
0-0: Ball 1-0: Ball 2-0: Ball 3-0: Base on Balls
|
Batting: SHB Arnold Griffith
|
0-0: Fly out, F6 (Popup, 6)
|
Batting: RHB Andrew Weeks
|
0-0: Ball 1-0: Foul Ball, location: 2F 1-1: SINGLE (Line Drive, 8RS) Carlos Álvarez to second
|
Batting: RHB Hubert Dodson
|
0-0: Ball 1-0: Called Strike 1-1: Ball 2-1: Foul Ball, location: 2F 2-2: Ball 3-2: Fly out, F7 (Flyball, 7LSF)
|
Batting: LHB José Castillo
|
0-0: Called Strike 0-1: Ball 1-1: Called Strike 1-2: Strikes out swinging
|
Top of the 2nd over - 0 runs, 1 hit, 0 errors, 2 left on base; Plymouth 0 - Bakersfield 2 |
BOTTOM OF THE 2ND |
Bakersfield Nobles batting - Pitching for Plymouth Rocks : LHP Rio Bavin
|
Batting: RHB Keith Best
|
0-0: Called Strike 0-1: Called Strike 0-2: Foul Ball, location: 2F 0-2: Ball 1-2: Strikes out looking
|
Batting: RHB Leonardo Ramírez
|
0-0: Ball 1-0: Ball 2-0: DOUBLE (Groundball, 3L)
|
Batting: RHB Alfredo García
|
0-0: Fly out, F8 (Line Drive, 8LM)
|
Batting: LHB Jorge Alejándrez
|
0-0: Swinging Strike 0-1: Swinging Strike 0-2: Strikes out swinging
|
Bottom of the 2nd over - 0 runs, 1 hit, 0 errors, 1 left on base; Plymouth 0 - Bakersfield 2 |
TOP OF THE 3RD |
Plymouth Rocks batting - Pitching for Bakersfield Nobles : RHP Jorge Castillo
|
Batting: RHB Arturo Maldonado
|
0-0: Swinging Strike 0-1: Ball 1-1: Ball 2-1: Foul Ball, location: 2F 2-2: Fly out, F9 (Flyball, 89M)
|
Batting: SHB Javier Vega
|
0-0: Ball 1-0: Ground out 6-3 (Groundball, 6M)
|
Batting: RHB Ernesto Trevino
|
0-0: Called Strike 0-1: Foul Ball, location: 2F 0-2: SINGLE (Groundball, 6MD)
|
Batting: RHB Chris Teague
|
0-0: Ball 1-0: Fly out, F7 (Flyball, 78D)
|
Top of the 3rd over - 0 runs, 1 hit, 0 errors, 1 left on base; Plymouth 0 - Bakersfield 2 |
BOTTOM OF THE 3RD |
Bakersfield Nobles batting - Pitching for Plymouth Rocks : LHP Rio Bavin
|
Batting: RHB Mario Blanco
|
0-0: Foul Ball, location: 2F 0-1: Swinging Strike 0-2: Ball 1-2: Ball 2-2: Ball 3-2: Fly out, F4 (Flyball, 34D)
|
Batting: RHB Gabriel Maldonado
|
0-0: Ball 1-0: Ball 2-0: Ball 3-0: Base on Balls
|
Batting: RHB Omer Yurtseven
|
0-0: Ball 1-0: SINGLE (Groundball, 6D) Gabriel Maldonado to second
|
Batting: RHB Yosuke Hayashi
|
0-0: Ball 1-0: Ball 2-0: Fly out, F9 (Flyball, 9D)
|
Batting: LHB Hideki Hisanobu
|
0-0: Fly out, F7 (Flyball, 78M)
|
Bottom of the 3rd over - 0 runs, 1 hit, 0 errors, 2 left on base; Plymouth 0 - Bakersfield 2 |
TOP OF THE 4TH |
Plymouth Rocks batting - Pitching for Bakersfield Nobles : RHP Jorge Castillo
|
Batting: LHB Carlos Álvarez
|
0-0: Called Strike 0-1: Ball 1-1: Foul Ball, location: 2F 1-2: Ball 2-2: Strikes out swinging
|
Batting: SHB Arnold Griffith
|
0-0: Swinging Strike 0-1: Ground out 4-3 (Groundball, 4M)
|
Batting: RHB Andrew Weeks
|
0-0: SINGLE (Flyball, 89S)
|
Batting: RHB Hubert Dodson
|
0-0: Ball 1-0: Swinging Strike 1-1: Ball 2-1: Ball 3-1: Ground out 4-3 (Groundball, 4)
|
Top of the 4th over - 0 runs, 1 hit, 0 errors, 1 left on base; Plymouth 0 - Bakersfield 2 |
BOTTOM OF THE 4TH |
Bakersfield Nobles batting - Pitching for Plymouth Rocks : LHP Rio Bavin
|
Batting: RHB Keith Best
|
0-0: Ball 1-0: Called Strike 1-1: Foul Ball, location: 2F 1-2: Ball 2-2: Foul Ball, location: 2F 2-2: SINGLE (Groundball, 6) (infield hit)
|
Batting: RHB Leonardo Ramírez
|
0-0: Ball 1-0: Ball 2-0: Called Strike 2-1: 2-RUN HOME RUN (Flyball, 9LD), Distance : 359 ft
|
Batting: RHB Alfredo García
|
0-0: Ball 1-0: SINGLE (Groundball, 6MD)
|
Batting: LHB Jorge Alejándrez
|
0-0: Ball 1-0: Foul Ball, location: 2F 1-1: Ball Passed Ball! Alfredo García to second 2-1: Ball 3-1: Base on Balls
|
Batting: RHB Mario Blanco
|
0-0: Ball 1-0: Fly out, F7 (Flyball, 7LSF)
|
Batting: RHB Gabriel Maldonado
|
0-0: Called Strike 0-1: Fly out, F5 (Popup, 5SF)
|
Batting: RHB Omer Yurtseven
|
0-0: SINGLE (Groundball, 56D) Alfredo García to third Jorge Alejándrez to second Runner from 3rd tries for Home, SAFE, no throw
|
Batting: RHB Yosuke Hayashi
|
0-0: Called Strike 0-1: Ball 1-1: Foul Ball, location: 2F 1-2: Ball 2-2: Ball 3-2: Foul Ball, location: 2F 3-2: Fly out, F7 (Flyball, 78S)
|
Bottom of the 4th over - 3 runs, 4 hits, 0 errors, 2 left on base; Plymouth 0 - Bakersfield 5 |
TOP OF THE 5TH |
Plymouth Rocks batting - Pitching for Bakersfield Nobles : RHP Jorge Castillo
|
Batting: LHB José Castillo
|
0-0: Ball 1-0: Reached on error, E3 (Groundball, 34)
|
Batting: RHB Arturo Maldonado
|
0-0: Ball 1-0: Ball 2-0: Called Strike 2-1: Foul Ball, location: 2F 2-2: Strikes out looking
|
Batting: SHB Javier Vega
|
0-0: Called Strike José Castillo steals 2nd base 0-1: Ball 1-1: Fly out, F8 (Flyball, 8RXD) Runner from 2nd tags up, SAFE at 3rd, no throw
|
Batting: RHB Ernesto Trevino
|
0-0: Called Strike 0-1: Ball 1-1: Ball 2-1: Ball 3-1: Swinging Strike 3-2: Base on Balls
|
Batting: RHB Chris Teague
|
0-0: Fly out, F2 (Popup, 2LF)
|
Top of the 5th over - 0 runs, 0 hits, 1 error, 2 left on base; Plymouth 0 - Bakersfield 5 |
BOTTOM OF THE 5TH |
Bakersfield Nobles batting - Pitching for Plymouth Rocks : LHP Rio Bavin
|
Batting: LHB Hideki Hisanobu
|
0-0: Ball 1-0: Called Strike 1-1: Ball 2-1: DOUBLE (Flyball, 8LD)
|
Batting: RHB Keith Best
|
0-0: Swinging Strike 0-1: Called Strike 0-2: Ball 1-2: Strikes out swinging
|
Batting: RHB Leonardo Ramírez
|
0-0: Ground out 5-3 (Groundball, 56S) Hideki Hisanobu to third
|
Batting: RHB Alfredo García
|
0-0: Called Strike 0-1: SINGLE (Line Drive, 78S) Hideki Hisanobu scores
|
Batting: LHB Jorge Alejándrez
|
0-0: Called Strike 0-1: Ball 1-1: Called Strike 1-2: Ball Alfredo García steals 2nd base 2-2: Fly out, F7 (Flyball, 7S)
|
Bottom of the 5th over - 1 run, 2 hits, 0 errors, 1 left on base; Plymouth 0 - Bakersfield 6 |
TOP OF THE 6TH |
Plymouth Rocks batting - Pitching for Bakersfield Nobles : RHP Jorge Castillo
|
Batting: LHB Carlos Álvarez
|
0-0: SINGLE (Flyball, 9LS)
|
Batting: SHB Arnold Griffith
|
0-0: Swinging Strike Carlos Álvarez steals 2nd base 0-1: Foul Ball, location: 2F 0-2: Ball 1-2: SINGLE (Flyball, 89S) Carlos Álvarez to third
|
Batting: RHB Andrew Weeks
|
0-0: Foul Ball, location: 2F 0-1: Swinging Strike 0-2: Ball 1-2: SINGLE (Groundball, 4MD) Carlos Álvarez scores Arnold Griffith to second
|
Batting: RHB Hubert Dodson
|
0-0: Ball 1-0: Ball 2-0: Called Strike 2-1: Swinging Strike 2-2: Ball 3-2: Foul Ball, location: 2F 3-2: Strikes out swinging
|
Batting: LHB José Castillo
|
0-0: Foul Ball, location: 2F 0-1: Grounds into double play, 6-4-3 (Groundball, 6)
|
Top of the 6th over - 1 run, 3 hits, 0 errors, 1 left on base; Plymouth 1 - Bakersfield 6 |
BOTTOM OF THE 6TH |
Bakersfield Nobles batting - Pitching for Plymouth Rocks : LHP Rio Bavin
|
Pitching: LHP Ryan McCall
|
|
Batting: RHB Mario Blanco
|
0-0: Ground out 3-1 (Groundball, 34)
|
Batting: RHB Gabriel Maldonado
|
0-0: Ball 1-0: Foul Ball, location: 2F 1-1: SINGLE (Groundball, 56D)
|
Batting: RHB Omer Yurtseven
|
0-0: Called Strike 0-1: Ball 1-1: Fly out, F8 (Flyball, 89XD)
|
Batting: RHB Yosuke Hayashi
|
0-0: Called Strike 0-1: Ball 1-1: Ball 2-1: Ball 3-1: Base on Balls Gabriel Maldonado to second
|
Batting: LHB Hideki Hisanobu
|
0-0: Called Strike 0-1: Swinging Strike 0-2: Ball 1-2: Foul Ball, location: 2F 1-2: Fly out, F8 (Flyball, 8LXD)
|
Bottom of the 6th over - 0 runs, 1 hit, 0 errors, 2 left on base; Plymouth 1 - Bakersfield 6 |
TOP OF THE 7TH |
Plymouth Rocks batting - Pitching for Bakersfield Nobles : RHP Jorge Castillo
|
Batting: RHB Arturo Maldonado
|
0-0: Called Strike 0-1: Foul Ball, location: 2F 0-2: Fly out, F9 (Flyball, 9LM)
|
Batting: SHB Javier Vega
|
0-0: Ball 1-0: Ball 2-0: Called Strike 2-1: Fly out, F7 (Flyball, 7LS)
|
Batting: SHB Roku Hara
|
0-0: Ball 1-0: Called Strike 1-1: SINGLE (Flyball, 9LS)
|
Batting: RHB Chris Teague
|
0-0: Foul Ball, location: 2F 0-1: Called Strike 0-2: Ball 1-2: Ball 2-2: Foul Ball, location: 2F 2-2: Fielders Choice at 2nd, 5-4 (Groundball, 56)
|
Top of the 7th over - 0 runs, 1 hit, 0 errors, 1 left on base; Plymouth 1 - Bakersfield 6 |
BOTTOM OF THE 7TH |
Bakersfield Nobles batting - Pitching for Plymouth Rocks : LHP Ryan McCall
|
Now in LF: Roku Hara
|
|
Batting: RHB Keith Best
|
0-0: Called Strike 0-1: Ball 1-1: Ball 2-1: Foul Ball, location: 2F 2-2: Fly out, F8 (Flyball, 8LXD)
|
Batting: RHB Leonardo Ramírez
|
0-0: Fly out, F4 (Line Drive, 4)
|
Batting: RHB Alfredo García
|
0-0: Called Strike 0-1: Called Strike 0-2: Ball 1-2: Foul Ball, location: 2F 1-2: Ball 2-2: SINGLE (Groundball, 4M) (infield hit)
|
Batting: LHB Jorge Alejándrez
|
0-0: Swinging Strike 0-1: DOUBLE (Groundball, 5L) Alfredo García to third Runner from 3rd tries for Home, SAFE, no throw
|
Batting: RHB Mario Blanco
|
0-0: Called Strike 0-1: Called Strike 0-2: Ball 1-2: Ball 2-2: Ground out 5-3 (Groundball, 5S)
|
Bottom of the 7th over - 1 run, 2 hits, 0 errors, 1 left on base; Plymouth 1 - Bakersfield 7 |
TOP OF THE 8TH |
Plymouth Rocks batting - Pitching for Bakersfield Nobles : RHP Jorge Castillo
|
Pitching: RHP Wayne Hurst
|
|
Batting: LHB Carlos Álvarez
|
0-0: Foul Ball, location: 2F 0-1: Ball 1-1: Ground out U3 (Groundball, 34S)
|
Batting: SHB Arnold Griffith
|
0-0: Reached on error, E1 (Groundball, 15S)
|
Batting: RHB Andrew Weeks
|
0-0: Ball 1-0: Ball 2-0: Foul Ball, location: 2F 2-1: Foul Ball, location: 2F 2-2: Ground out 5-3 (Groundball, 5L)
|
Batting: RHB Hubert Dodson
|
0-0: Ball 1-0: Ball 2-0: Ball 3-0: Called Strike 3-1: Called Strike 3-2: Reached on error, E6 (Groundball, 6) Arnold Griffith scores
|
Batting: LHB José Castillo
|
0-0: Ball 1-0: Ball 2-0: Ball 3-0: Called Strike 3-1: Foul Ball, location: 2F 3-2: Foul Ball, location: 2F 3-2: Foul Ball, location: 2F 3-2: Ground out 6-3 (Groundball, 6)
|
Top of the 8th over - 1 run, 0 hits, 2 errors, 1 left on base; Plymouth 2 - Bakersfield 7 |
BOTTOM OF THE 8TH |
Bakersfield Nobles batting - Pitching for Plymouth Rocks : LHP Ryan McCall
|
Batting: RHB Gabriel Maldonado
|
0-0: Called Strike 0-1: Ball 1-1: Foul Ball, location: 2F 1-2: Ball 2-2: Ball 3-2: SINGLE (Line Drive, 9S)
|
Batting: RHB Omer Yurtseven
|
0-0: Called Strike 0-1: Grounds into double play, 6-4-3 (Groundball, 6)
|
Batting: RHB Yosuke Hayashi
|
0-0: Ball 1-0: Called Strike 1-1: Ball 2-1: Ground out 4-3 (Groundball, 4)
|
Bottom of the 8th over - 0 runs, 1 hit, 0 errors, 0 left on base; Plymouth 2 - Bakersfield 7 |
TOP OF THE 9TH |
Plymouth Rocks batting - Pitching for Bakersfield Nobles : RHP Wayne Hurst
|
Batting: RHB Arturo Maldonado
|
0-0: Ball 1-0: Swinging Strike 1-1: Ball 2-1: Swinging Strike 2-2: Foul Ball, location: 2F 2-2: Ball 3-2: Base on Balls
|
Batting: SHB Javier Vega
|
0-0: Swinging Strike 0-1: Ball 1-1: Called Strike 1-2: Ball 2-2: Fly out, F5 (Popup, 5SF)
|
Batting: SHB Roku Hara
|
0-0: Ball 1-0: Ball 2-0: Swinging Strike 2-1: Ball 3-1: Swinging Strike 3-2: Foul Ball, location: 2F 3-2: Foul Ball, location: 2F 3-2: Foul Ball, location: 2F 3-2: Base on Balls Arturo Maldonado to second
|
Batting: RHB Chris Teague
|
0-0: Foul Ball, location: 2F 0-1: Ball 1-1: Called Strike 1-2: Ball 2-2: Grounds into double play, 6-4-3 (Groundball, 6)
|
Top of the 9th over - 0 runs, 0 hits, 0 errors, 1 left on base; Plymouth 2 - Bakersfield 7 |
|